[Event "fics rated crazyhouse match"]
[Site "fics, Oklahoma City, OK USA"]
[Date "2000.03.14"]
[White "Tecumseh"]
[WhiteElo "2312"]
[Black "Eyefor"]
[BlackElo "2366"]
[TimeControl "60+1"]
[Result "0-1"]

1. e4 e6 2. d4 Nf6 3. e5 Nd5 4. Bd3 Nc6 5. c3 d6 6. exd6 
Bxd6 7. P@e5 Bxe5 8. dxe5 Nxe5 9. B@d4 Nxd3+ 10. Qxd3 B@g6 11. N@e4 P@c4 
12. Qe2 P@d3 13. Qf3 Bxe4 14. Qxe4 N@c2+ 15. Kf1 Nxa1 16. Bxg7 R@d1+ 17. B@e1 
P@e2+ 18. Nxe2 dxe2+ 19. Qxe2 Rxc1 20. Bxh8 Rxb1 21. R@g8+ B@f8 22. P@g7 Rxe1+ 
23. Qxe1 B@d3+ 24. P@e2 N@e3+ 25. fxe3 Nxe3+ 26. Kg1 N@g6 27. gxf8=Q+ Nxf8 28. P@g7 
Ke7 
{Tecumseh resigns} 0-1

[Event "fics rated crazyhouse match"]
[Site "fics, Oklahoma City, OK USA"]
[Date "2000.03.14"]
[White "Eyefor"]
[WhiteElo "2373"]
[Black "spurs"]
[BlackElo "2251"]
[TimeControl "60+0"]
[Result "0-1"]

1. e4 e6 2. d4 d5 3. exd5 exd5 4. Bb5+ Bd7 5. Qe2+ Qe7 6. Bxd7+ 
Nxd7 7. Bf4 Qxe2+ 8. Nxe2 Bb4+ 9. Nbc3 Bxc3+ 10. Nxc3 Ngf6 11. Bxc7 P@d2+ 
12. Kxd2 N@e4+ 13. Nxe4 Nxe4+ 14. Kc1 B@d2+ 15. Kb1 N@c3+ 16. bxc3 Nxc3+ 17. Kb2 
Na4+ 18. Ka3 Q@b4# 
{Eyefor checkmated} 0-1

[Event "fics rated crazyhouse match"]
[Site "fics, Oklahoma City, OK USA"]
[Date "2000.03.14"]
[White "spurs"]
[WhiteElo "2262"]
[Black "Eyefor"]
[BlackElo "2362"]
[TimeControl "60+0"]
[Result "0-1"]

1. d4 e6 2. Nf3 d5 3. Bg5 Bb4+ 4. Nbd2 Ne7 5. e3 Nbc6 6. Bb5 
h6 7. Bxe7 Qxe7 8. Bxc6+ bxc6 9. N@e5 B@b5 10. N@d3 Bxd3 11. cxd3 B@d7 
12. B@c5 Bxc5 13. dxc5 Qxc5 14. Nxf7 P@c2 15. Nxh8 cxd1=Q+ 16. Rxd1 N@c2+ 17. Kf1 
Nxe3+ 18. fxe3 P@e2+ 19. Kxe2 Q@c2 20. P@f7+ Kd8 21. R@g8+ B@f8 22. B@h4+ g5 
23. Nxg5 Qxd3+ 24. Kxd3 Ba6+ 25. P@c4 dxc4+ 26. Ke2 P@d3+ 27. Kf2 hxg5 28. Bxg5+ 
Qxg5 29. Rxg5 B@h4+ 30. g3 Bxg5 31. Q@e8+ Bxe8 32. fxe8=Q+ Kxe8 33. P@f7+ Kd7 
34. N@e5+ Kc8 35. Q@d7+ Kb8 36. Nxc6+ Kb7 37. Nd8+ Rxd8 38. B@c6+ Kb6 39. P@c5+ 
Bxc5 40. Ne4 Q@e2+ 41. Kg1 R@g2# 
{spurs checkmated} 0-1

[Event "fics rated crazyhouse match"]
[Site "fics, Oklahoma City, OK USA"]
[Date "2000.03.14"]
[White "Eyefor"]
[WhiteElo "2368"]
[Black "spurs"]
[BlackElo "2256"]
[TimeControl "60+0"]
[Result "0-1"]

1. e4 e6 2. d4 d5 3. exd5 exd5 4. Bb5+ Bd7 5. Qe2+ Qe7 6. Bxd7+ 
Nxd7 7. Bf4 Qxe2+ 8. Nxe2 Bb4+ 9. Nbc3 Ngf6 10. Bxc7 Bxc3+ 11. Nxc3 P@d2+ 
12. Kxd2 N@e4+ 13. Nxe4 Nxe4+ 14. Kc1 B@d2+ 15. Kb1 N@c3+ 16. bxc3 Nxc3+ 17. Kb2 
Na4+ 18. Ka3 Q@b4# 
{Eyefor checkmated} 0-1

[Event "fics rated crazyhouse match"]
[Site "fics, Oklahoma City, OK USA"]
[Date "2000.03.14"]
[White "spurs"]
[WhiteElo "2266"]
[Black "Eyefor"]
[BlackElo "2358"]
[TimeControl "60+0"]
[Result "0-1"]

1. d4 e6 2. e4 d5 3. exd5 exd5 4. Bb5+ Bd7 5. Qe2+ P@e4 6. Bxd7+ 
Qxd7 7. Nc3 Nc6 8. B@b5 Nge7 9. Nh3 B@g4 10. P@f3 exf3 11. gxf3 P@g2 
12. Rg1 Bxh3 13. Bxc6 Qxc6 14. P@b5 Qd6 15. Bg5 Qxh2 16. O-O-O N@f4 17. Bxf4 
Qxf4+ 18. N@e3 P@h2 19. Nxd5 Nxd5 20. Kb1 N@c3+ 21. bxc3 Nxc3+ 22. Ka1 hxg1=Q 
23. Nd5+ Nxe2 24. P@d7+ Kxd7 25. N@e5+ Qxe5 26. dxe5 Q@d4+ 27. N@b2 Qgxd1+ 28. Q@b1 
Qxb1+ 29. Kxb1 R@c1# 
{spurs checkmated} 0-1

[Event "fics rated crazyhouse match"]
[Site "fics, Oklahoma City, OK USA"]
[Date "2000.03.14"]
[White "spurs"]
[WhiteElo "2270"]
[Black "Eyefor"]
[BlackElo "2354"]
[TimeControl "60+0"]
[Result "0-1"]

1. d3 e5 2. e4 Nc6 3. Nc3 Nf6 4. Nf3 d5 5. Nxd5 Nxd5 6. exd5 
Qxd5 7. P@e4 Qd7 8. Bd2 P@g4 9. Ng5 h6 10. Nxf7 Qxf7 11. P@f5 N@a4 
12. Qxg4 N@d4 13. N@e3 Nxb2 14. Qg6 Qxg6 15. fxg6 Kd8 16. P@f7 Bc5 17. Bc3 
Nxc2+ 18. Nxc2 Bxf2+ 19. Kxf2 Q@c5+ 20. B@d4 exd4 21. Q@e8+ Rxe8 22. fxe8=Q+ Kxe8 
23. Bxd4 Qxc2+ 24. Be2 Nxd3+ 25. Kg3 Q@f4# 
{spurs checkmated} 0-1

[Event "fics rated crazyhouse match"]
[Site "fics, Oklahoma City, OK USA"]
[Date "2000.03.14"]
[White "Tecumseh"]
[WhiteElo "2305"]
[Black "spurs"]
[BlackElo "2264"]
[TimeControl "60+0"]
[Result "0-1"]

1. d3 e6 2. Nc3 d5 3. e4 Bb4 4. exd5 exd5 5. Bd2 Qe7+ 6. Be2 
Bxc3 7. Bxc3 Nf6 8. Nf3 Nc6 9. P@g5 Ng4 10. Bxg7 P@e3 11. B@h4 exf2+ 
12. Bxf2 Nxf2 13. Bxh8 Nxh1 14. P@f2 P@e3 15. R@g8+ Kd7 16. fxe3 B@f2+ 17. Kf1 
Bxe3 18. Bf6 N@g3+ 19. hxg3 Nxg3+ 20. Ke1 P@f2# 
{Tecumseh checkmated} 0-1

[Event "fics rated crazyhouse match"]
[Site "fics, Oklahoma City, OK USA"]
[Date "2000.03.14"]
[White "spurs"]
[WhiteElo "2273"]
[Black "Tecumseh"]
[BlackElo "2296"]
[TimeControl "60+0"]
[Result "1-0"]

1. d4 Nc6 2. Nf3 Nf6 3. Nc3 d5 4. Bg5 Ne4 5. Bh4 h6 6. Nxe4 
dxe4 7. Ne5 Nxe5 8. dxe5 Bf5 9. e3 g5 10. Bg3 Bg7 11. N@h5 Rh7 
12. Nxg7+ Rxg7 13. Bb5+ N@c6 14. Bxc6+ bxc6 15. N@h5 Rh7 16. N@f6+ exf6 17. Nxf6+ 
Ke7 18. Nxh7 B@d2+ 19. Kf1 N@h5 20. Qxh5 Bxe3 21. B@f6+ Kd7 22. Bxd8 N@d2+ 
23. Kg1 Rxd8 24. Qxf7+ B@e7 25. Qxe7+ Kxe7 26. B@f6+ Kd7 27. Q@e7+ Kc8 28. Qxd8+ 
Kb7 29. R@b8+ Ka6 30. N@b4+ Ka5 31. R@a6# 
{Tecumseh checkmated} 1-0

[Event "fics rated crazyhouse match"]
[Site "fics, Oklahoma City, OK USA"]
[Date "2000.03.14"]
[White "Tecumseh"]
[WhiteElo "2287"]
[Black "spurs"]
[BlackElo "2282"]
[TimeControl "60+0"]
[Result "0-1"]

1. e4 e6 2. d3 d5 3. Be2 dxe4 4. dxe4 Qxd1+ 5. Bxd1 Nf6 6. Nc3 
Bb4 7. P@d3 P@d4 8. Bd2 dxc3 9. bxc3 Bc5 10. d4 Nxe4 11. dxc5 Nxd2 
12. Q@a4+ Bd7 13. Qf4 Q@f1+ 14. Kxd2 N@c4+ 15. Kc1 P@b2+ 16. Kb1 Qxd1+ 17. B@c1 
bxa1=Q+ 18. Kxa1 B@b2+ 19. Kb1 R@a1# 
{Tecumseh checkmated} 0-1

[Event "fics rated crazyhouse match"]
[Site "fics, Oklahoma City, OK USA"]
[Date "2000.03.14"]
[White "spurs"]
[WhiteElo "2290"]
[Black "Tecumseh"]
[BlackElo "2279"]
[TimeControl "60+0"]
[Result "1-0"]

1. d4 Nc6 2. Nf3 Nf6 3. Nc3 d5 4. Bg5 Ne4 5. Nxe4 dxe4 6. Ne5 
Nxe5 7. dxe5 Bg4 8. h3 Bh5 9. N@f4 Bg6 10. Nxg6 hxg6 11. e6 fxe6 
12. B@f7+ Kxf7 13. N@e5+ Kg8 14. Qxd8 B@a5+ 15. Bd2 P@f7 16. Qxa8 Bxd2+ 17. Kxd2 
e3+ 18. fxe3 N@e4+ 19. Kd3 N@c5+ 20. Kd4 N@f5+ 21. Kc4 Nxe3+ 22. Kd4 Nf5+ 
23. Kc4 Nfd6+ 24. Kb4 Na6+ 25. Kb3 Nec5+ 26. Kc3 B@b4+ 27. Kd4 Nf5+ 28. Kc4 
Nd6+ 29. Kd4 Nf5+ 30. Kc4 Ne3+ 31. Kd4 Nf5+ 32. Kc4 Nd6+ 33. Kd4 Nf5+ 
34. Kc4 Nd6+ 35. Kd4 
{Tecumseh forfeits on time} 1-0

[Event "fics rated crazyhouse match"]
[Site "fics, Oklahoma City, OK USA"]
[Date "2000.03.14"]
[White "Tecumseh"]
[WhiteElo "2271"]
[Black "spurs"]
[BlackElo "2298"]
[TimeControl "60+0"]
[Result "0-1"]

1. e4 e6 2. d3 d5 3. exd5 exd5 4. Be2 Nf6 5. Nf3 Bb4+ 6. c3 
Bd6 7. P@e5 Bxe5 8. Nxe5 Nbd7 9. Nxf7 Kxf7 10. P@h6 N@h4 11. Rg1 Re8 
12. B@g5 P@f3 13. gxf3 Nxf3+ 14. Kf1 Nxg1 15. Kxg1 Qe7 16. hxg7 P@h3 17. N@h6+ 
Kxg7 18. Nf5+ Kf7 19. Nxe7 Rxe7 20. Bxf6 Nxf6 21. N@g5+ Ke8 22. Q@h8+ R@f8 
23. Qxf8+ Kxf8 24. R@g3 P@g2 25. Nxh7+ Nxh7 26. Bh6+ Ke8 27. Rg8+ N@f8 28. Bh5+ 
P@f7 29. Bxf7+ Rxf7 30. Qe2+ B@e7 31. Qxe7+ Rxe7 32. B@a4+ B@d7 33. P@f7+ Rxf7 
34. Bxd7+ Bxd7 35. Rxf8+ Rxf8 36. N@g3 R@h1+ 37. Nxh1 gxh1=Q+ 38. Kxh1 Q@g2# 
{Tecumseh checkmated} 0-1

[Event "fics rated crazyhouse match"]
[Site "fics, Oklahoma City, OK USA"]
[Date "2000.03.14"]
[White "spurs"]
[WhiteElo "2305"]
[Black "Tecumseh"]
[BlackElo "2264"]
[TimeControl "60+0"]
[Result "1-0"]

1. d4 Nc6 2. Nc3 Nf6 3. Nf3 d5 4. Bg5 Ne4 5. Nxe4 dxe4 6. Ne5 
Nxe5 7. dxe5 N@c4 8. Qxd8+ Kxd8 9. O-O-O+ N@d6 10. exd6 cxd6 11. Rxd6+ Nxd6 
12. P@c7+ Kxc7 13. N@d5+ Kc6 14. N@b4+ Kd7 15. Q@c7+ Ke8 16. Qxd6 Q@e1+ 17. N@d1 
R@a1+ 18. N@b1 exd6 19. Nc7+ Kd7 20. Nxa8 Rxb1+ 21. Kxb1 Qxd1+ 22. R@c1 Qxc1+ 
23. Bxc1 Q@d8 24. R@c7+ Qxc7 25. Nxc7 N@c3+ 26. bxc3 R@d1 27. Q@h3+ N@e6 28. Q@e8+ 
Kxc7 29. N@b5+ Kb6 30. Qd8+ Kxb5 31. Qxd6 
{Tecumseh forfeits on time} 1-0

[Event "fics rated crazyhouse match"]
[Site "fics, Oklahoma City, OK USA"]
[Date "2000.03.14"]
[White "Tecumseh"]
[WhiteElo "2257"]
[Black "spurs"]
[BlackElo "2312"]
[TimeControl "60+0"]
[Result "0-1"]

1. e4 e6 2. d3 d5 3. e5 Ne7 4. Nf3 Nf5 5. Bg5 Be7 6. Bxe7 
Qxe7 7. B@g5 Qb4+ 8. Nc3 Qxb2 9. Nxd5 exd5 10. P@f6 B@c3+ 11. Bd2 Qxa1 
12. Qxa1 Bxa1 13. fxg7 R@b1+ 14. Q@c1 Rxc1+ 15. Bxc1 Q@d1+ 16. Kxd1 N@c3+ 17. Kd2 
Q@d1# 
{Tecumseh checkmated} 0-1

[Event "fics rated crazyhouse match"]
[Site "fics, Oklahoma City, OK USA"]
[Date "2000.03.14"]
[White "spurs"]
[WhiteElo "2319"]
[Black "Tecumseh"]
[BlackElo "2250"]
[TimeControl "60+0"]
[Result "0-1"]

1. d4 Nc6 2. Nf3 Nf6 3. Nc3 d5 4. Bg5 Ne4 5. Nxe4 dxe4 6. Ne5 
Nxe5 7. dxe5 Bf5 8. e3 N@e6 9. Bf4 N@g6 10. Bb5+ c6 11. Bc4 Ngxf4 
12. exf4 B@a5+ 13. N@c3 Bxc3+ 14. bxc3 N@c5 15. Bxe6 Bxe6 16. N@g5 B@d2+ 17. Kf1 
Bxc3 18. Nxe6 Nxe6 19. f5 N@d2+ 20. Qxd2 Qxd2 21. fxe6 Q@e2+ 22. Kg1 Qxf2# 
{spurs checkmated} 0-1

[Event "fics rated crazyhouse match"]
[Site "fics, Oklahoma City, OK USA"]
[Date "2000.03.14"]
[White "spurs"]
[WhiteElo "2300"]
[Black "Tecumseh"]
[BlackElo "2269"]
[TimeControl "60+0"]
[Result "0-1"]

1. d4 Nc6 2. Nf3 Nf6 3. Nc3 d5 4. Bg5 Ne4 5. Nxe4 dxe4 6. Ne5 
Nxe5 7. dxe5 N@e6 8. Bh4 Bd7 9. e3 N@f5 10. Bg3 Nxg3 11. hxg3 B@a5+ 
12. N@c3 Ng5 13. Bc4 e6 14. Qh5 Bxc3+ 15. bxc3 N@f3+ 16. gxf3 Nxf3+ 17. Qxf3 
exf3 18. N@h4 P@g2 19. Rg1 Q@b2 20. Rd1 Qxc3+ 21. B@d2 Qxc4 22. N@d3 P@e2 
23. Rb1 Qxc2 24. Rc1 Qxc1+ 25. Bxc1 R@f1+ 26. Rxf1 gxf1=Q+ 27. Kd2 B@b4+ 28. Kc2 
e1=N+ 29. Nxe1 Qxe1 30. Bd2 Qxd2+ 31. Kb3 R@b2+ 32. Kc4 b5# 
{spurs checkmated} 0-1

[Event "fics rated crazyhouse match"]
[Site "fics, Oklahoma City, OK USA"]
[Date "2000.03.14"]
[White "Tecumseh"]
[WhiteElo "2278"]
[Black "spurs"]
[BlackElo "2291"]
[TimeControl "60+0"]
[Result "0-1"]

1. e4 e6 2. d4 d5 3. exd5 exd5 4. Nf3 Bg4 5. Be2 Bxf3 6. Bxf3 
Nf6 7. Nc3 Bb4 8. P@e5 Qe7 9. O-O Bxc3 10. exf6 Qxf6 11. bxc3 P@e4 
12. B@e5 Qg6 13. Bh5 N@f3+ 14. Kh1 Qxh5 15. Rg1 Nxe5 16. dxe5 Qxd1 17. Rxd1 
P@f3 18. N@f6+ gxf6 19. N@g7+ Kd8 20. B@e7+ Kc8 21. Rg1 fxg2+ 22. Rxg2 Q@f1+ 
23. Q@g1 Qxg2+ 24. Qxg2 B@f3 25. Q@h3+ B@g4 26. Qxg4+ Bxg4 27. Qxg4+ P@e6 28. P@d7+ 
Nxd7 29. Nxe6 fxe6 30. B@a6 R@e1+ 31. B@g1 Rxg1+ 32. Qxg1 P@g2# 
{Tecumseh forfeits on time} 0-1

[Event "fics rated crazyhouse match"]
[Site "fics, Oklahoma City, OK USA"]
[Date "2000.03.14"]
[White "spurs"]
[WhiteElo "2299"]
[Black "Tecumseh"]
[BlackElo "2270"]
[TimeControl "60+0"]
[Result "1-0"]

1. d4 Nc6 2. Nf3 Nf6 3. Nc3 d5 4. Bg5 Ne4 5. Nxe4 dxe4 6. Ne5 
Nxe5 7. dxe5 Bf5 8. N@b5 N@a6 9. e3 N@e6 10. Qxd8+ Rxd8 11. Nd6+ cxd6 
12. Bxa6 bxa6 13. N@c6 B@d2+ 14. Kf1 Q@c4+ 15. Q@e2 Qxe2+ 16. Kxe2 Q@c4+ 17. Kxd2 
Qxc6 18. N@d4 N@c4+ 19. Ke1 Nxd4 20. exd4 Nxb2 21. N@b4 N@d3+ 22. cxd3 Nxd3+ 
23. Nxd3 exd3 24. N@b4 N@c2+ 25. Nxc2 dxc2 26. N@b4 N@d3+ 27. Nxd3 Bxd3 28. N@b4 
Qc3+ 29. B@d2 c1=Q+ 30. Rxc1 Qxc1+ 31. Bxc1 R@c8 32. Bcd2 N@c2+ 33. Nxc2 Bxc2 
34. N@e3 N@d3+ 35. Ke2 N@f4+ 36. Kf3 P@g4+ 37. Kg3 h5 38. Bxf4 h4+ 39. Kxg4 
P@f5+ 40. Kxf5 Nxf4+ 41. Kg4 B@e6+ 42. Kxf4 h3 43. Kf3 dxe5 44. gxh3 P@g4+ 
45. Ke2 
{Tecumseh forfeits on time} 1-0

[Event "fics rated crazyhouse match"]
[Site "fics, Oklahoma City, OK USA"]
[Date "2000.03.14"]
[White "Tecumseh"]
[WhiteElo "2263"]
[Black "spurs"]
[BlackElo "2306"]
[TimeControl "60+0"]
[Result "1-0"]

1. e4 e6 2. d3 d5 3. Be2 dxe4 4. dxe4 Nf6 5. Qxd8+ Kxd8 6. e5 
Bb4+ 7. P@c3 Nd5 8. Nf3 Bc5 9. O-O Bd7 10. Bg5+ P@f6 11. exf6 gxf6 
12. Bh6 Rg8 13. P@g7 Nc6 14. Q@h8 Ke7 15. Qxh7 P@g6 16. P@g5 fxg5 17. Bxg5+ 
P@f6 18. Qh4 fxg5 19. Qxg5+ B@f6 20. Qd2 Rxg7 21. P@g5 Bxg5 22. Nxg5 P@f6 
23. Ne4 Bd6 24. Nxd6 cxd6 25. P@g5 fxg5 26. c4 Nf4 27. B@c3 N@h3+ 28. gxh3 
Nxh3+ 29. Kh1 P@g2+ 30. Kxg2 Nf4+ 31. Qxf4 gxf4 32. B@f6+ Kf8 33. Bxg7+ Kg8 
34. R@h8# 
{spurs checkmated} 1-0

[Event "fics rated crazyhouse match"]
[Site "fics, Oklahoma City, OK USA"]
[Date "2000.03.14"]
[White "spurs"]
[WhiteElo "2297"]
[Black "Tecumseh"]
[BlackElo "2272"]
[TimeControl "60+0"]
[Result "0-1"]

1. d4 Nc6 2. Nf3 Nf6 3. Nc3 d5 4. Bg5 Ne4 5. Nxe4 dxe4 6. Ne5 
Nxe5 7. dxe5 Be6 8. N@c5 Bd5 9. e6 Bxe6 10. Nxe6 fxe6 11. B@f7+ Kxf7 
12. N@e5+ Kg8 13. Qxd8 B@a5+ 14. Bd2 P@f7 15. Qxa8 Bxd2+ 16. Kd1 N@c3+ 17. bxc3 
N@b2+ 18. Kxd2 N@c4+ 19. Nxc4 Nxc4+ 20. Kc1 B@d2+ 21. Kb1 N@a3# 
{spurs checkmated} 0-1

[Event "fics rated crazyhouse match"]
[Site "fics, Oklahoma City, OK USA"]
[Date "2000.03.14"]
[White "Tecumseh"]
[WhiteElo "2281"]
[Black "spurs"]
[BlackElo "2288"]
[TimeControl "60+0"]
[Result "1-0"]

1. e4 e6 2. d4 d5 3. e5 Ne7 4. Bg5 Qd7 5. Nf3 Nf5 6. Nc3 
Bb4 7. Be2 Bxc3+ 8. bxc3 N@e4 9. B@b4 Nc6 10. O-O Nxb4 11. cxb4 Nc3 
12. Qe1 Nxe2+ 13. Qxe2 B@e4 14. N@c5 Bxf3 15. Qxf3 B@e4 16. Nxd7 Bxf3 17. Q@d8# 
{spurs checkmated} 1-0

[Event "fics rated crazyhouse match"]
[Site "fics, Oklahoma City, OK USA"]
[Date "2000.03.14"]
[White "spurs"]
[WhiteElo "2280"]
[Black "Tecumseh"]
[BlackElo "2289"]
[TimeControl "60+0"]
[Result "0-1"]

1. d4 Nf6 2. Nc3 Nc6 3. Nf3 d5 4. Bg5 Ne4 5. Nxe4 dxe4 6. Ne5 
Nxe5 7. dxe5 Bf5 8. N@c5 N@a6 9. Nxa6 bxa6 10. e3 N@c5 11. N@c6 N@d3+ 
12. cxd3 Nxd3+ 13. Bxd3 exd3 14. Nxd8 Rxd8 15. Qa4+ B@b5 16. Qxb5+ axb5 17. B@c6+ 
P@d7 18. O-O dxc6 19. N@b7 B@d5 20. f3 N@e2+ 21. Kh1 c5 22. Nxd8 Kxd8 
23. R@b8+ N@c8 24. Rxc8+ Bxc8 25. N@e4 Bxe4 26. fxe4 R@g1+ 27. Rxg1 N@f2# 
{spurs checkmated} 0-1

[Event "fics rated crazyhouse match"]
[Site "fics, Oklahoma City, OK USA"]
[Date "2000.03.14"]
[White "Tecumseh"]
[WhiteElo "2297"]
[Black "spurs"]
[BlackElo "2272"]
[TimeControl "60+0"]
[Result "0-1"]

1. e4 e6 2. d4 d5 3. e5 Ne7 4. Bg5 Qd7 5. Bxe7 Bxe7 6. N@h5 
Rg8 7. Bd3 B@g6 8. Bxg6 hxg6 9. Nxg7+ Rxg7 10. B@h6 Rg8 11. P@f6 Bb4+ 
12. c3 Ba5 13. Nf3 B@f5 14. Na3 Nc6 15. Nh4 b6 16. Nxf5 gxf5 17. B@h7 
Rxg2 18. Qf3 Ba6 19. Qxg2 O-O-O 20. R@a8+ N@b8 21. Kd2 N@e4+ 22. Kc2 P@d3+ 
23. Kb1 Nd2+ 24. Kc1 Nxd4 25. cxd4 P@c3 26. bxc3 Bxc3 27. Bxd2 P@b2+ 28. Kd1 
bxa1=Q+ 29. N@c1 Bxd2 30. N@e7+ Qxe7 31. fxe7 N@c3+ 32. Kxd2 R@c2+ 33. Ke3 B@d2# 
{Tecumseh forfeits on time} 0-1

[Event "fics rated crazyhouse match"]
[Site "fics, Oklahoma City, OK USA"]
[Date "2000.03.14"]
[White "spurs"]
[WhiteElo "2281"]
[Black "Tecumseh"]
[BlackElo "2288"]
[TimeControl "60+0"]
[Result "1-0"]

1. d4 Nc6 2. Nf3 Nf6 3. Nc3 d5 4. Bg5 Ne4 5. Nxe4 dxe4 6. Ne5 
Qxd4 7. Nxc6 P@d2+ 8. Bxd2 bxc6 9. e3 Qd8 10. Bc3 Bf5 11. Bc4 N@d5 
12. N@e5 N@h4 13. Rg1 Bg6 14. Nxc6 Qd7 15. Bxd5 e6 16. Ne5 exd5 17. Nxd7 
{Tecumseh resigns} 1-0

[Event "fics rated crazyhouse match"]
[Site "fics, Oklahoma City, OK USA"]
[Date "2000.03.14"]
[White "Tecumseh"]
[WhiteElo "2280"]
[Black "spurs"]
[BlackElo "2289"]
[TimeControl "60+0"]
[Result "1-0"]

1. e4 e6 2. d3 d5 3. Be2 dxe4 4. dxe4 Qxd1+ 5. Bxd1 Nf6 6. Nf3 
Nxe4 7. Nc3 Bb4 8. O-O Bxc3 9. bxc3 P@g4 10. Ba3 Nc6 11. P@b5 gxf3 
12. Bxf3 Ng5 13. B@h5 N@h3+ 14. gxh3 Nxh3+ 15. Kh1 P@d6 16. bxc6 O-O 17. P@e7 
Re8 18. Bxf7+ Kxf7 19. N@d8+ Kxe7 20. N@g8+ Kxd8 21. P@e7+ Rxe7 22. Q@f8+ Q@e8 
23. Qxe8+ Kxe8 24. cxb7 Bxb7 25. Bxb7 P@d7 26. B@h5+ P@g6 27. Nxe7 P@g2+ 28. Kxg2 
N@f4+ 29. Kf3 B@e2+ 30. Ke3 N@c4+ 31. Kd4 Q@d2+ 32. R@d3 P@e5+ 33. Kxc4 d5+ 
34. Kb3 Qxd3 35. Q@g8# 
{spurs forfeits on time} 1-0

[Event "fics rated crazyhouse match"]
[Site "fics, Oklahoma City, OK USA"]
[Date "2000.03.14"]
[White "spurs"]
[WhiteElo "2281"]
[Black "Tecumseh"]
[BlackElo "2288"]
[TimeControl "60+0"]
[Result "1-0"]

1. d4 Nc6 2. Nf3 Nf6 3. Nc3 d5 4. Bg5 Bg4 5. Ne5 Nxe5 6. dxe5 
Ne4 7. Nxe4 dxe4 8. N@c5 f6 9. e6 Bxe6 10. Nxe6 fxg5 11. B@f7+ Kxf7 
12. Nxd8+ Rxd8 13. N@e5+ Ke6 14. Q@d7+ Rxd7 15. Qxd7+ Kxe5 16. R@f5# 
{Tecumseh checkmated} 1-0

[Event "fics rated crazyhouse match"]
[Site "fics, Oklahoma City, OK USA"]
[Date "2000.03.14"]
[White "Tecumseh"]
[WhiteElo "2280"]
[Black "spurs"]
[BlackElo "2289"]
[TimeControl "60+0"]
[Result "0-1"]

1. e4 e6 2. d3 d5 3. Be2 dxe4 4. dxe4 Qxd1+ 5. Bxd1 Bc5 6. P@e3 
Nf6 7. Nc3 Bb4 8. f3 Nc6 9. Ne2 Bd7 10. O-O e5 11. Nd5 Nxd5 
12. exd5 Ne7 13. N@h5 Rg8 14. e4 P@h3 15. gxh3 Bxh3 16. P@g2 Bc5+ 17. Kh1 
Bxg2+ 18. Kxg2 N@h4+ 19. Kh3 Q@g2+ 20. Kxh4 Bf2+ 21. Rxf2 Qxf2+ 22. B@g3 Qxf3 
23. B@a4+ P@c6 24. N@f2 Ng6+ 25. Kh3 P@g4+ 26. Nxg4 Qxg4+ 27. Kxg4 N@h6+ 28. Kh3 
P@g4+ 29. Kg2 Nf4+ 30. Nexf4 exf4 31. P@d7+ Kxd7 32. N@e5+ Kc8 33. Q@d7+ Kb8 
34. Bxc6 f3+ 35. Bxf3 gxf3+ 36. Nxf3 P@h3+ 37. Kxh3 B@g4# 
{Tecumseh forfeits on time} 0-1

[Event "fics rated crazyhouse match"]
[Site "fics, Oklahoma City, OK USA"]
[Date "2000.03.14"]
[White "spurs"]
[WhiteElo "2297"]
[Black "Tecumseh"]
[BlackElo "2272"]
[TimeControl "60+0"]
[Result "1-0"]

1. d4 Nc6 2. Nf3 Nf6 3. Nc3 d5 4. Bg5 Ne4 5. Nxe4 dxe4 6. Ne5 
Nxd4 7. Nxf7 Kxf7 8. e3 Nxc2+ 9. Qxc2 P@d3 10. Qc4+ Be6 11. N@e5# 
{Tecumseh resigns} 1-0

[Event "fics rated crazyhouse match"]
[Site "fics, Oklahoma City, OK USA"]
[Date "2000.03.14"]
[White "Tecumseh"]
[WhiteElo "2265"]
[Black "spurs"]
[BlackElo "2304"]
[TimeControl "60+0"]
[Result "0-1"]

1. e4 e6 2. d3 d5 3. Be2 dxe4 4. dxe4 Qxd1+ 5. Bxd1 Bc5 6. Nf3 
Nf6 7. e5 Bxf2+ 8. Kxf2 Ne4+ 9. Ke3 Q@f2+ 10. Kxe4 P@f5+ 11. Kd3 P@e4+ 
12. Kc3 exf3 13. B@a4+ Bd7 14. P@e7 N@d5+ 15. Kb3 Bxa4+ 16. Kxa4 Nb6+ 17. Ka3 
Qc5+ 18. B@b4 Nc4+ 19. Kb3 Na5+ 20. Ka3 Nc4+ 21. Kb3 Na5+ 22. Ka3 Qxb4+ 
23. Kxb4 Nbc6+ 24. Kc3 B@b4+ 25. Kd3 B@e4+ 26. Ke3 Bc5+ 27. Kf4 Bxe7 28. Kg3 
Nxe5 29. gxf3 Bxf3 30. Q@b5+ Nac6 31. P@d7+ Nxd7 32. Bxf3 P@e4 33. Bxe4 Bd6+ 
34. P@e5 fxe4 35. exd6 cxd6 36. N@c7+ Ke7 37. B@g5+ f6 38. B@f4 P@f5 39. Bxd6+ 
Kf7 40. Q@e7+ Nxe7 41. Bxe7 Q@f3+ 42. Kh4 B@f2+ 43. P@g3 fxg5+ 44. Bexg5 Qg4# 
{Tecumseh checkmated} 0-1

[Event "fics rated crazyhouse match"]
[Site "fics, Oklahoma City, OK USA"]
[Date "2000.03.14"]
[White "spurs"]
[WhiteElo "2311"]
[Black "Tecumseh"]
[BlackElo "2258"]
[TimeControl "60+0"]
[Result "1-0"]

1. d4 f6 2. Nf3 g5 3. Nc3 a6 4. Bxg5 a5 5. e4 a4 6. Nd5 
a3 7. bxa3 Rxa3 8. e5 Rxa2 9. Rxa2 b5 10. exf6 b4 11. f7+ Kxf7 
12. Ne5+ Ke8 13. P@f7# 
{Tecumseh checkmated} 1-0

[Event "fics rated crazyhouse match"]
[Site "fics, Oklahoma City, OK USA"]
[Date "2000.03.14"]
[White "XXNoWay"]
[WhiteElo "2396"]
[Black "TrumpetX"]
[BlackElo "2131"]
[TimeControl "60+0"]
[Result "1-0"]

1. e4 e6 2. Nc3 d5 3. Nf3 Nf6 4. e5 Bb4 5. exf6 Bxc3 6. dxc3 
Qxf6 7. Bg5 Qg6 8. Be2 Qe4 9. B@d3 Qa4 10. Bb5+ Bd7 11. Bxa4 P@f6 
12. Bxf6 gxf6 13. Q@g7 N@e7 14. Qxh8+ B@g8 15. P@g7 Bxa4 16. R@f8+ Kd7 17. Rxg8 
Nxg8 18. Qxg8 R@e8 19. Qxf7+ B@e7 20. g8=Q Rxg8 21. Qxg8 Nc6 22. Qxa8 P@f4 
23. B@e8# 
{TrumpetX resigns} 1-0

[Event "fics rated crazyhouse match"]
[Site "fics, Oklahoma City, OK USA"]
[Date "2000.03.14"]
[White "TrumpetX"]
[WhiteElo "2128"]
[Black "XXNoWay"]
[BlackElo "2399"]
[TimeControl "60+0"]
[Result "0-1"]

1. e4 d6 2. Bc4 Nf6 3. Bxf7+ Kxf7 4. Nf3 e6 5. Ng5+ Ke7 6. P@d5 
B@h4 7. dxe6 Bxg5 8. d4 Bxc1 9. Qxc1 Bxe6 10. d5 Bg4 11. B@d1 Bxd1 
12. Qxd1 B@h5 13. B@e2 Bxe2 14. Qxe2 B@h5 15. B@f3 Bxf3 16. gxf3 N@f4 17. Qd2 
B@g5 18. P@e3 Ng2+ 19. Kd1 B@h5 20. B@g4 Nxg4 21. fxg4 Bxg4+ 22. Kc1 B@f3 
23. N@f5+ Bxf5 24. exf5 N@e2+ 25. Qxe2 Bxe2 26. Nc3 Nxe3 27. fxe3 Bxe3+ 28. B@d2 
Bxd2+ 29. Kxd2 B@f4+ 30. B@e3 Bxe3+ 31. Kxe3 P@d4+ 32. Kxe2 Q@e3+ 33. Kf1 B@h3+ 
34. B@g2 Bxg2+ 35. Kxg2 B@h3# 
{TrumpetX checkmated} 0-1

[Event "fics rated crazyhouse match"]
[Site "fics, Oklahoma City, OK USA"]
[Date "2000.03.14"]
[White "XXNoWay"]
[WhiteElo "2402"]
[Black "TrumpetX"]
[BlackElo "2125"]
[TimeControl "60+0"]
[Result "1-0"]

1. e4 e6 2. Nc3 d5 3. Nf3 Bb4 4. e5 Nc6 5. Bb5 Bd7 6. Bxc6 
Bxc6 7. d4 Bxc3+ 8. bxc3 Bb5 9. B@h4 Ne7 10. N@h5 B@e2 11. Nxg7+ Kd7 
12. Qd2 N@e4 13. Qe3 Rg8 14. P@d3 Nxc3 15. Bd2 Nxa2 16. Rxa2 Bxf3 17. N@f6+ 
Kc8 18. Nxg8 Bxg2 19. Nxe7+ Qxe7 20. Bxe7 N@c6 21. R@f8+ N@d8 22. Bxd8 Nxd8 
23. N@e7+ Kd7 24. Ng8 Bxd3 25. N@f6+ Kc6 26. Q@c5# 
{TrumpetX checkmated} 1-0

[Event "fics rated crazyhouse match"]
[Site "fics, Oklahoma City, OK USA"]
[Date "2000.03.14"]
[White "dovijanic"]
[WhiteElo "2137"]
[Black "Flesh"]
[BlackElo "2283"]
[TimeControl "60+0"]
[Result "0-1"]

1. e4 d5 2. exd5 e6 3. dxe6 Bxe6 4. d4 Nc6 5. P@e3 Nf6 6. P@f3 
Bb4+ 7. c3 Bf5 8. Bd3 Bxd3 9. Qxd3 Ne5 10. Qb5+ B@c6 11. Qxe5+ Qe7 
12. Qxe7+ Bxe7 13. N@f5 Rg8 14. Nxe7 Kxe7 15. B@a3+ P@d6 16. B@h4 N@c2+ 17. Kd2 
Nxa1 18. Bxf6+ gxf6 19. N@f5+ Kd7 20. Q@d3 Rxg2 21. Nh3 P@c2 22. Qxc2 Nxc2 
{dovijanic resigns} 0-1

[Event "fics rated crazyhouse match"]
[Site "fics, Oklahoma City, OK USA"]
[Date "2000.03.14"]
[White "TrumpetX"]
[WhiteElo "2122"]
[Black "XXNoWay"]
[BlackElo "2405"]
[TimeControl "60+0"]
[Result "0-1"]

1. e4 e6 2. Bc4 Nf6 3. Nc3 d5 4. d4 dxc4 5. Bg5 Bb4 6. Bxf6 
gxf6 7. Ne2 Rg8 8. N@h5 B@g4 9. Nhf4 Bxc3+ 10. bxc3 B@g5 11. B@e3 Bxf4 
12. Bxf4 N@h4 13. Rg1 N@f3+ 14. gxf3 Nxf3+ 15. Kf1 Nxh2+ 16. Kg2 Nf3 17. Rh1 
P@h3+ 18. Rxh3 Bxh3+ 19. Kxf3 e5 20. Be3 Bg2# 
{TrumpetX checkmated} 0-1